 Dungeon Crawl Stone Soup version 0.22-a0-533-g4d20840 (webtiles) character file.

85 iamserjio the Charmwright (level 4, 0/38 HPs)
             Began as a Gnoll Skald on June 22, 2018.
             Slain by a hobgoblin
             ... wielding a +0 club
              (2 damage)
             ... on level 3 of the Dungeon.
             The game lasted 00:04:10 (408 turns).

iamserjio the Charmwright (Gnoll Skald)              Turns: 408, Time: 00:04:12

Health: 0/38       AC:  3    Str: 13    XL:     4   Next: 48%
Magic:  1/11       EV: 14    Int: 17    God:
Gold:   29         SH:  0    Dex: 14    Spells: 2/13 levels left

rFire    . . .     SeeInvis .   a - +0 hand axe
rCold    . . .     Gourm    .   (no shield)
rNeg     . . .     Faith    .   b - +0 leather armour
rPois    .         Spirit   .   (no helmet)
rElec    .         Reflect  .   (no cloak)
rCorr    +         Harm     .   (no gloves)
MR       .....                  (no boots)
Stlth    +.........             (no amulet)
HPRegen  0.12/turn              c - ring of resist corrosion
MPRegen  0.12/turn              (no ring)

@: singing
A: distributed training, fangs 1, strong nose
a: no special abilities


You were on level 3 of the Dungeon.
You were not hungry.

You visited 1 branch of the dungeon, and saw 3 of its levels.

You collected 29 gold pieces.

Inventory:

Hand Weapons
 a - a +0 hand axe (weapon)
 n - a +3 hunting sling
Missiles
 o - 21 stones (quivered)
Armour
 b - a +0 leather armour (worn)
 m - a +0 scale mail
Jewellery
 c - a ring of resist corrosion (left hand)
Scrolls
 g - a scroll of immolation {unknown}
 h - a scroll of enchant weapon {unknown}
 i - a scroll of fog {unknown}
 k - a scroll of amnesia {unknown}
 l - a scroll of identify {unknown}
Potions
 e - 2 potions of haste {unknown}
 f - a potion of ambrosia {unknown}
 j - a potion of curing {unknown}
Comestibles
 d - 2 rations


   Skills:
 + Level 4.6 Fighting
 + Level 1.1 Short Blades
 + Level 1.1 Long Blades
 + Level 4.6 Axes
 + Level 1.1 Maces & Flails
 + Level 1.1 Polearms
 + Level 1.1 Staves
 + Level 1.1 Slings
 + Level 1.1 Bows
 + Level 1.1 Crossbows
 + Level 1.1 Throwing
 + Level 2.7 Armour
 + Level 4.6 Dodging
 + Level 1.1 Stealth
 + Level 1.1 Shields
 + Level 1.1 Unarmed Combat
 + Level 5.1 Spellcasting
 + Level 0.9 Conjurations
 + Level 0.9 Hexes
 + Level 5.4 Charms
 + Level 0.9 Summonings
 + Level 0.9 Necromancy
 + Level 0.9 Translocations
 + Level 0.9 Transmutations
 + Level 0.9 Fire Magic
 + Level 0.9 Ice Magic
 + Level 0.9 Air Magic
 + Level 0.9 Earth Magic
 + Level 0.9 Poison Magic
 + Level 1.2 Invocations
 + Level 1.1 Evocations


You had 2 spell levels left.
You knew the following spells:

 Your Spells              Type           Power        Failure   Level  Hunger
a - Infusion              Chrm           ###.         1%          1    None
b - Regeneration          Chrm/Necr      ###.......   14%         3    ###....
c - Spectral Weapon       Hex/Chrm       ###.....     14%         3    ###....
d - Song of Slaying       Chrm           ###.....     2%          2    #......
e - Shroud of Golubria    Chrm/Tloc      ###.......   8%          2    #......

Your spell library contained the following spells:

 Spells                   Type           Power        Failure   Level  Hunger


Dungeon Overview and Level Annotations

Branches:
Dungeon (3/15)

Altars:


Innate Abilities, Weirdness & Mutations

Your experience applies equally to all skills.
You have very sharp teeth.
Your uncanny sense of smell can sniff out nearby items.


Message History

The gnoll misses you.
You slash the gnoll! Your bite misses the gnoll.
The gnoll is severely wounded.
You hit the hobgoblin. You completely miss the hobgoblin.
A goblin comes into view. It is wielding a club.
The hobgoblin hits you with a club.
* * * LOW HITPOINT WARNING * * *
The hobgoblin completely misses you. The gnoll closely misses you.
You hit the gnoll.
You kill the gnoll!
You barely miss the hobgoblin. You hit the hobgoblin.
The hobgoblin closely misses you. x2
You hit the hobgoblin.
The hobgoblin is almost dead.
You hit the hobgoblin. You closely miss the hobgoblin.
The hobgoblin hits you but does no damage.
The hobgoblin hits you with a club.
* * * LOW HITPOINT WARNING * * *
The hobgoblin hits you with a club.
You die...

######## ###### #
#.)..(.## ##..... #.
#..(..(.###......
#g##((.(....#.......
#gg@)....(..#.......
#.gg.....(..'.......
#...........#.......
#+##.......(#.......
#.......###......
#......## ##.....
######## ######


You could see 4 hobgoblins and a goblin.

Vanquished Creatures
  2 gnolls (D:3)
  4 orcs (D:3)
  A ball python (D:1)
  5 giant cockroaches
  19 goblins
  8 hobgoblins
  4 jackals (D:1)
  2 kobolds (D:1)
  A quokka (D:2)
  A frilled lizard (D:1)
  5 rats (D:1)
52 creatures vanquished.

Notes
Turn   | Place    | Note
-------+----------+-------------------------------------------
     0 | D:1      | iamserjio the Gnoll Skald began the quest for the Orb.
     0 | D:1      | Reached XP level 1. HP: 20/20 MP: 6/6
    46 | D:1      | Reached XP level 2. HP: 19/26 MP: 1/7
   280 | D:2      | Reached XP level 3. HP: 31/31 MP: 9/9
   288 | D:2      | Learned a level 3 spell: Regeneration
   292 | D:2      | Learned a level 3 spell: Spectral Weapon
   295 | D:2      | Learned a level 2 spell: Song of Slaying
   302 | D:2      | Learned a level 2 spell: Shroud of Golubria
   328 | D:3      | Reached skill level 5 in Spellcasting
   335 | D:3      | Reached skill level 1 in Invocations
   368 | D:3      | Reached skill level 1 in Short Blades
   368 | D:3      | Reached skill level 1 in Long Blades
   368 | D:3      | Reached skill level 1 in Maces & Flails
   368 | D:3      | Reached skill level 1 in Polearms
   368 | D:3      | Reached skill level 1 in Staves
   368 | D:3      | Reached skill level 1 in Slings
   368 | D:3      | Reached skill level 1 in Bows
   368 | D:3      | Reached skill level 1 in Crossbows
   368 | D:3      | Reached skill level 1 in Throwing
   368 | D:3      | Reached skill level 1 in Stealth
   368 | D:3      | Reached skill level 1 in Shields
   368 | D:3      | Reached skill level 1 in Unarmed Combat
   368 | D:3      | Reached skill level 1 in Evocations
   375 | D:3      | Reached XP level 4. HP: 13/38 MP: 1/11
   408 | D:3      | Slain by a hobgoblin

Vault maps used:
D:1:      wheals_arrival_shading, nrook_mini_vaults
D:2:      evilmike_ruin_ashenzari, gammafunk_temple_overflow_forgotten
D:3:      minmay_goblin_kobold_castle, first_ration,
          nemelex_xobeh_ov_fountains_minmay, uniq_sigmund

Skill      XL: |  1  2  3 |
---------------+----------+-----
Spellcasting   | 5 |  5.1
Invocations    | 1 |  1.2
Short Blades   | 1 |  1.1
Long Blades    | 1 |  1.1
Maces & Flails | 1 |  1.1
Polearms       | 1 |  1.1
Staves         | 1 |  1.1
Slings         | 1 |  1.1
Bows           | 1 |  1.1
Crossbows      | 1 |  1.1
Throwing       | 1 |  1.1
Stealth        | 1 |  1.1
Shields        | 1 |  1.1
Unarmed Combat | 1 |  1.1
Evocations     | 1 |  1.1
Fighting       | |  4.6
Axes           | |  4.6
Armour         | |  2.7
Dodging        | |  4.6
Conjurations   | |  0.9
Hexes          | |  0.9
Charms         | |  5.4
Summonings     | |  0.9
Necromancy     | |  0.9
Translocations | |  0.9
Transmutations | |  0.9
Fire Magic     | |  0.9
Ice Magic      | |  0.9
Air Magic      | |  0.9
Earth Magic    | |  0.9
Poison Magic   | |  0.9

Action                   |  1- 3 |  4- 6 || total
-------------------------+-------+-------++-------
Melee: Hand axe          |    58 |    11 ||    69
       Bite              |     2 |       ||     2
       Punch             |     1 |     1 ||     2
 Cast: Infusion          |     1 |       ||     1
       Song of Slaying   |     2 |     1 ||     3
       Spectral Weapon   |     2 |       ||     2
       Regeneration      |     1 |     1 ||     2
Armor: Leather armour    |    15 |     3 ||    18
Dodge: Dodged            |    47 |    20 ||    67

Table legend:
 A = Spawn XP
 B = Non-spawn XP
 C = Spawn XP percentage of total XP
 D = Spawn monster count
 E = Non-spawn monster count
 F = Spawn count percentage of total count
 G = Total turns spent on level
                    A         B        C        D         E        F      G
               +---------+---------+-------+---------+---------+-------+---------
         Total |       0 |     122 |   0.0 |       0 |      52 |   0.0 |   408
               +---------+---------+-------+---------+---------+-------+---------
           D:1 |       0 |      33 |   0.0 |       0 |      20 |   0.0 |   269
           D:2 |       0 |       4 |   0.0 |       0 |       2 |   0.0 |    49
           D:3 |       0 |      85 |   0.0 |       0 |      30 |   0.0 |    90
               +---------+---------+-------+---------+---------+-------+---------
